 Dungeon Crawl Stone Soup version 0.21.0-22-g11d5b5247c (webtiles) character file.

161 InquisitorsWrath the Chopper (level 5, -3/49 HPs)
             Began as a Minotaur Berserker on Jan 19, 2018.
             Was a Believer of Trog.
             Slain by an orc
             ... wielding a +0 war axe
              (6 damage)
             ... on level 4 of the Dungeon.
             The game lasted 00:08:10 (2307 turns).

InquisitorsWrath the Chopper (Minotaur Berserker)   Turns: 2307, Time: 00:08:10

Health: -3/49      AC:  5    Str: 23    XL:     5   Next: 18%
Magic:  4/4        EV: 11    Int:  4    God:    Trog [**....]
Gold:   68         SH:  0    Dex:  9    Spells: 4/4 levels left

rFire    . . .     SeeInvis .   i - +0 hand axe
rCold    . . .     Gourm    .   (no shield)
rNeg     . . .     Faith    .   g - +0 ring mail
rPois    .         Spirit   .   (helmet restricted)
rElec    .         Reflect  .   (no cloak)
rCorr    .         Harm     .   (no gloves)
MR       .....                  (no boots)
Stlth    ..........             (no amulet)
HPRegen  0.16/turn              (no ring)
MPRegen  0.09/turn              (no ring)

@: berserk cooldown, slowed, very slow
A: retaliatory headbutt, horns 2
a: Berserk, Trog's Hand, Burn Spellbooks, Renounce Religion


You were on level 4 of the Dungeon.
You worshipped Trog.
Trog was pleased with you.
You were very hungry.

You visited 1 branch of the dungeon, and saw 4 of its levels.

You collected 68 gold pieces.

Inventory:

Hand Weapons
 a - a +0 hand axe
 i - a +0 hand axe (weapon)
Armour
 b - a +0 animal skin
 g - a +0 ring mail (worn)
Jewellery
 o - an uncursed amulet of regeneration
 p - a cursed ring of protection from cold
Scrolls
 f - a scroll of immolation {unknown}
 j - a scroll of enchant weapon {unknown}
 l - a scroll of remove curse {unknown}
 r - a scroll of magic mapping {unknown}
Potions
 e - 2 potions of haste
 h - a potion of curing {unknown}
 k - a potion of might {unknown}
 m - 2 potions of berserk rage {unknown}
 q - a potion of agility {unknown}
Comestibles
 c - 6 rations
 d - a chunk of flesh


   Skills:
 * Level 5.6 Fighting
 * Level 5.6 Axes
 - Level 2.4 Armour
 - Level 2.2 Dodging


You had 4 spell levels left.
You didn't know any spells.

Dungeon Overview and Level Annotations

Branches:
Dungeon (4/15)
 Temple: D:4-7

Altars:
The Shining One

Annotations:
D:4 Blork the orc


Innate Abilities, Weirdness & Mutations

You reflexively headbutt those who attack you in melee.
You have a pair of horns on your head.


Message History

You headbutt Blork the orc.
Blork the orc is heavily wounded.
Blork the orc completely misses you. You furiously retaliate!
You headbutt Blork the orc, but do no damage.
The orc wizard gestures wildly while chanting.
The orc wizard flickers and vanishes!
Deactivating autopickup; reactivate with Ctrl-A.
You slash Blork the orc!
Blork the orc is severely wounded.
You closely miss the orc.
Blork the orc casts a spell.
Blork the orc flickers and vanishes!
The orc closely misses you. Something hits you but does no damage.
The orc barely misses you.
You hit something. Your headbutt misses something. You hit the orc.
Something hits you.
* * * LOW HITPOINT WARNING * * *
The orc closely misses you. You furiously retaliate!
You headbutt the orc. You miss something. You hit the orc but do no damage.
Something hits you but does no damage. The orc hits you with a war axe.
You die...

#..........#
##........##
#..........#
#.....††$.$#####
#..............$
#......†.....##
#..?.......#.#
##......{..#...
#......@..#.##
#......o....#
#............#
#.........##...
#.........# ...
#$..$.....# .
#.........#
##.......##
##.)...##


You could see an orc.

Vanquished Creatures
  A scorpion (D:3)
  4 adders
  An ooze (D:1)
  A worm (D:2)
  3 dart slugs (D:1)
  3 leopard geckos
  4 bats
  A giant cockroach (D:1)
  7 goblins
  7 hobgoblins
  5 jackals (D:4)
  7 kobolds
  A ball python (D:3)
  7 frilled lizards
  7 rats
59 creatures vanquished.

Notes
Turn   | Place    | Note
-------+----------+-------------------------------------------
     0 | D:1      | InquisitorsWrath the Minotaur Berserker began the quest for the Orb.
     0 | D:1      | Reached XP level 1. HP: 19/19 MP: 0/0
   154 | D:1      | Reached XP level 2. HP: 21/27 MP: 1/1
   536 | D:1      | Reached XP level 3. HP: 34/34 MP: 2/2
   947 | D:2      | Reached ** piety under Trog
  1241 | D:2      | Found a glowing golden altar of the Shining One.
  1577 | D:3      | Reached XP level 4. HP: 41/41 MP: 3/3
  1609 | D:3      | Reached skill level 5 in Fighting
  1609 | D:3      | Reached skill level 5 in Axes
  1795 | D:3      | Noticed an orc warrior
  2278 | D:4      | Reached XP level 5. HP: 42/48 MP: 4/4
  2283 | D:4      | Noticed Blork the orc
  2307 | D:4      | Slain by an orc

Skill      XL: |  1  2  3  4 |
---------------+-------------+-----
Fighting       | 4 5 |  5.6
Axes           | 4 5 |  5.6
Armour         | |  2.4
Dodging        | |  2.2

Action                   |  1- 3 |  4- 6 || total
-------------------------+-------+-------++-------
Melee: Hand axe          |    73 |    45 ||   118
       Headbutt          |    11 |    10 ||    21
Invok: Berserk           |     1 |     1 ||     2
       Trog's Hand       |       |     1 ||     1
  Use: Scroll            |     1 |     2 ||     3
  Eat: Chunk             |     2 |       ||     2
       Ration            |     1 |       ||     1
Armor: Animal skin       |     1 |       ||     1
       Ring mail         |    20 |    16 ||    36
Dodge: Dodged            |    46 |    38 ||    84
